 Dungeon Crawl Stone Soup version 0.20.1-1-g8b1a95d (webtiles) character file.

67 protoss039 the Chopper (level 3, 0/33 HPs)
             Began as a Minotaur Monk on July 25, 2017.
             Slain by Thomas288's ghost (6 damage)
             ... on level 3 of the Dungeon.
             The game lasted 00:04:41 (1672 turns).

protoss039 the Chopper (Minotaur Monk)              Turns: 1672, Time: 00:04:42

Health: 0/33       AC:  9    Str: 16    XL:     3   Next: 98%
Magic:  2/2        EV:  7    Int:  7    God:
Gold:   150        SH:  0    Dex: 12    Spells: 2/2 levels left

rFire    . . .     SeeInvis .   a - +0 hand axe
rCold    . . .     Gourm    .   (no shield)
rNeg     . . .     Faith    .   w - +1 chain mail
rPois    .         Spirit   .   (helmet restricted)
rElec    .         Reflect  .   (no cloak)
rCorr    .         Harm     .   (no gloves)
MR       .....                  (no boots)
Stlth    ..........             (no amulet)
Regen    0.2/turn               (no ring)
MPRegen  0.1/turn               (no ring)

@: no status effects
A: retaliatory headbutt, horns 2
a: no special abilities


You were on level 3 of the Dungeon.
You were not hungry.

You visited 1 branch of the dungeon, and saw 3 of its levels.

You collected 150 gold pieces.

Inventory:

Hand Weapons
 a - a +0 hand axe (weapon)
 b - a +1 dagger of venom
 l - a +3 mace
Armour
 w - a +1 chain mail (worn)
Scrolls
 d - a scroll of remove curse
 e - 3 scrolls of enchant armour
 h - a scroll of identify {unknown}
 i - a scroll of amnesia {unknown}
 m - a scroll of magic mapping {unknown}
 p - a scroll of enchant weapon {unknown}
 u - a scroll of blinking {unknown}
 v - a scroll of teleportation {unknown}
Potions
 f - a potion of brilliance {unknown}
 j - a potion of lignification {unknown}
 k - a potion of mutation {unknown}
 n - a potion of cancellation {unknown}
 o - a potion of resistance {unknown}
 q - a potion of degeneration {unknown}
 r - 3 potions of curing
 s - 2 potions of heal wounds {unknown}
 t - a potion of berserk rage {unknown}
Books
 x - a book of Misfortune

   Spells                             Type                      Level
   a - Confusing Touch                Hexes                        1
   b - Confuse                        Hexes                        3
   c - Gell's Gravitas                Translocation                3
   d - Petrify                        Transmutation/Earth          4
   e - Metabolic Englaciation         Hexes/Ice                    5
   f - Yara's Violent Unravelling     Hexes/Transmutation          5
Comestibles
 c - 5 bread rations
 g - 3 meat rations
 z - 6 chunks of flesh
 A - a fruit


   Skills:
 + Level 4.1 Fighting
 * Level 5.3 Axes
 + Level 1.0 Armour
 - Level 3.2 Dodging
 - Level 1.5 Stealth


You had 2 spell levels left.
You didn't know any spells.

Dungeon Overview and Level Annotations

Branches:
Dungeon (3/15)

Altars:

Annotations:
D:3 Thomas288's ghost, amateur MiHu


Innate Abilities, Weirdness & Mutations

You reflexively headbutt those who attack you in melee.
You have a pair of horns on your head.


Message History

Thomas288's ghost is heavily damaged.
Thomas288's ghost hits you.
* * * LOW HITPOINT WARNING * * *
You closely miss Thomas288's ghost.
Thomas288's ghost is heavily damaged.
Thomas288's ghost hits you but does no damage.
You hit Thomas288's ghost.
Thomas288's ghost is severely damaged.
Thomas288's ghost hits you.
* * * LOW HITPOINT WARNING * * *
You hit Thomas288's ghost but do no damage.
Thomas288's ghost is severely damaged.
Thomas288's ghost hits you.
* * * LOW HITPOINT WARNING * * *
It was a potion of curing.
You feel better. Thomas288's ghost hits you.
* * * LOW HITPOINT WARNING * * *
You hit Thomas288's ghost.
Thomas288's ghost is severely damaged.
Thomas288's ghost hits you.
You die...

# #######.###
...##...###...##
##..(.......##.#)).
............#.....
............##.... .
...........###...
#..####..........####...
#.....#W..#............
#.@.# ###.####..#..
###.## #.##...##.. #..#
#.##.####.. ##.####....#
#.. # #.......### ##.<
#.######....#.######...
#.(......##...<........
#<.....######..########
#....).######..#.......


You could see Thomas288's ghost.

Vanquished Creatures
  An adder (D:2)
  An ooze (D:3)
  A worm (D:2)
  4 dart slugs (D:1)
  2 orcs (D:3)
  5 giant cockroaches
  8 goblins
  3 hobgoblins
  A quokka (D:2)
  6 bats
  2 frilled lizards (D:2)
  4 kobolds
  3 rats
41 creatures vanquished.

Notes
Turn   | Place    | Note
-------+----------+-------------------------------------------
     0 | D:1      | protoss039 the Minotaur Monk began the quest for the Orb.
     0 | D:1      | Reached XP level 1. HP: 19/19 MP: 0/0
   358 | D:1      | Reached skill level 4 in Axes
   383 | D:1      | Reached XP level 2. HP: 27/27 MP: 1/1
   915 | D:2      | Reached XP level 3. HP: 31/33 MP: 2/2
   922 | D:2      | Reached skill level 5 in Axes
  1568 | D:3      | Reached skill level 1 in Armour
  1651 | D:3      | Noticed Thomas288's ghost (amateur MiHu)
  1672 | D:3      | Slain by Thomas288's ghost

Skill      XL: |  1  2  3 |
---------------+----------+-----
Axes           | 4 5 |  5.3
Fighting       | 4 |  4.1
Armour         | 1 |  1.0
Dodging        | |  3.2
Stealth        | |  1.5

Action                   || total
-------------------------++-------
Melee: Hand axe          ||   114
       Headbutt          ||    19
  Use: Scroll            ||     2
       Potion            ||     1
  Eat: Chunk             ||     2
Armor: Ring mail         ||    22
       Robe              ||     1
       Chain mail        ||    13
Dodge: Dodged            ||    56
